[Event "Titled Tuesday Blitz April 25 Early 2023"]
[White "Mazurkiewicz, Michal"]
[Black "Hirneise, Jens"]
[WhiteFideId "1124943"]
[BlackFideId "24614734"]
[WhiteElo "2054"]
[BlackElo "2345"]
[Result "0-1"]
[Round "07"]
[TimeControl "180+2"]
[Date "2023.04.25"]
[WhiteClock "0:00:08"]
[BlackClock "0:00:08"]

1. e4 c5 2. Nf3 g6 3. g3 Bg7 4. Bg2 e5 5. O-O Ne7 6. d3 Nbc6 7. Nc3 d6 8. Nd2 h5 9. h3 h4 10. g4 f5 11. gxf5 gxf5 12. Nc4 Be6 13. Nd5 f4 14. a4 Qd7 15. Kh2 Bxd5 16. exd5 Nd4 17. c3 Ndf5 18. Be4 Ng3 19. Rg1 O-O-O 20. Qg4 Qxg4 21. hxg4 Kb8 22. Bd2 Bf6 23. Kg2 h3+ 24. Kh2 Nxe4 25. dxe4 Bg5 26. f3 Ng6 27. Be1 Bh4 28. Bxh4 Rxh4 29. Nd2 Kc7 30. Rh1 Rh7 31. Kg1 Kd7 32. Kf2 Rc8 33. Rh2 Rch8 34. Rah1 b6 35. Nc4 Ne7 36. Ke2 Nc8 37. Kd3 a6 38. b4 b5 39. axb5 axb5 40. Na5 c4+ 41. Kc2 Ne7 42. Ra1 Ra8 43. Rah1 Rah8 44. Kd1 Ng6 45. Ke2 Ne7 46. Ra1 Ra8 47. Ra2 Ra7 48. Ra1 Ra8 49. Rah1 Rah8 50. Kf1 Kc7 51. Ra2 Ra8 52. Rhh2 Ra7 53. Rh1 Ra8 54. Rah2 Rah8 55. Kf2 Kd7 56. Ra1 Ra8 57. Rhh1 Kc7 58. Rh2 Kd7 59. Rhh1 Kc7 60. Kg1 Kd7 61. Kh2 Kc7 62. Ra2 Nc8 63. Rha1 Nb6 64. Nc6 Rxa2+ 65. Rxa2 Na4 66. Na7 Kb6 67. Rc2 Kxa7 68. g5 Rg7 69. Kxh3 Rxg5 70. Kh4 Rg3 71. Kh5 Rxf3 72. Kg6 Nxc3 73. Kf6 Nxe4+ 74. Ke6 Re3 75. Rh2 f3 76. Rh7+ Kb6 77. Rh8 f2 78. Kd7 f1=Q 79. Rb8+ Ka7 80. Kc7 Qf7+ 81. Kc6 Kxb8 82. Kb6 Qb7+ 83. Ka5 Ra3# 0-1


[Site "https://www.chess.com"]

[Event "Titled Tuesday Blitz April 25 Early 2023"]
[White "Alexikov, Alexander"]
[Black "Al-Tarboush, Ward"]
[WhiteFideId "14103958"]
[BlackFideId "7601450"]
[WhiteElo "2186"]
[BlackElo "2265"]
[Result "0-1"]
[Round "07"]
[TimeControl "180+2"]
[Date "2023.04.25"]
[WhiteClock "0:00:01"]
[BlackClock "0:01:15"]

1. e4 b6 2. d4 Bb7 3. Bd3 e6 4. Qe2 d5 5. exd5 Qxd5 6. Nf3 Nf6 7. c4 Qh5 8. d5 Bb4+ 9. Bd2 Bxd2+ 10. Nbxd2 O-O 11. dxe6 fxe6 12. O-O Nbd7 13. Qxe6+ Kh8 14. Qf5 Qh6 15. Qg5 Qxg5 16. Nxg5 Ne5 17. Bc2 Rad8 18. Rad1 Rd6 19. b3 h6 20. Nge4 Rd4 21. Nxf6 Rxf6 22. f3 Rfd6 23. Nb1 a5 24. Kf2 a4 25. Ke3 c5 26. Nc3 Re6 27. Kf2 Red6 28. Nb5 Rxd1 29. Rxd1 Rxd1 30. Bxd1 Nd3+ 31. Ke3 Nc1 32. bxa4 Nxa2 33. Kd2 g5 34. Nd6 Bc6 35. Bb3 Nb4 36. Kc3 Bd7 37. Bd1 Nc6 0-1


[Site "https://www.chess.com"]

[Event "Titled Tuesday Blitz April 25 Early 2023"]
[White "BenchGM"]
[Black "Leenhouts, Koen"]
[BlackFideId "1008439"]
[WhiteElo "2394"]
[BlackElo "2409"]
[Result "0-1"]
[Round "07"]
[TimeControl "180+2"]
[Date "2023.04.25"]
[WhiteClock "0:00:48"]
[BlackClock "0:00:57"]

1. d4 Nf6 2. c4 g6 3. Nc3 d5 4. Nf3 Bg7 5. Bg5 Ne4 6. Bf4 Nxc3 7. bxc3 O-O 8. e3 c5 9. cxd5 cxd4 10. cxd4 Qxd5 11. Be2 Qa5+ 12. Qd2 Nc6 13. Rb1 Qxd2+ 14. Kxd2 b6 15. Rhc1 Bb7 16. Ne1 e5 17. dxe5 Nxe5 18. Rc7 Rfd8+ 19. Bd3 Nxd3 20. Nxd3 Bxg2 21. Ke2 Be4 22. Rb3 Rac8 23. Rxc8 Rxc8 24. f3 Bd5 25. Ra3 a5 26. Kd2 Bxf3 27. Rb3 Rc6 28. Ne5 Bxe5 29. Bxe5 Bd5 30. Rc3 Rxc3 31. Kxc3 Bxa2 32. Bc7 a4 33. Bxb6 f5 34. Kd4 Kf7 35. Bc5 Ke6 36. Ba3 Bd5 37. Bb4 g5 38. Ba3 g4 39. Bb4 h5 40. Ba3 h4 41. Bb4 g3 42. hxg3 h3 0-1


[Site "https://www.chess.com"]

[Event "Titled Tuesday Blitz April 25 Early 2023"]
[White "Fiorito, Francisco"]
[Black "Karthik Sai Ch"]
[WhiteFideId "180165"]
[BlackFideId "46649484"]
[WhiteElo "2341"]
[BlackElo "2003"]
[Result "1-0"]
[Round "07"]
[TimeControl "180+2"]
[Date "2023.04.25"]
[WhiteClock "0:01:00"]
[BlackClock "0:00:47"]

1. e4 c6 2. d4 d5 3. Nc3 dxe4 4. Nxe4 Bf5 5. Ng3 Bg6 6. Nf3 Nf6 7. Bd3 Bxd3 8. Qxd3 e6 9. O-O Bd6 10. Re1 Nbd7 11. Nf5 Bf8 12. Qb3 Qc7 13. g3 O-O-O 14. Bf4 Qb6 15. Nd6+ Bxd6 16. Bxd6 Qxb3 17. axb3 Nb6 18. Bc5 Kb8 19. Ne5 Rd5 20. Nxf7 Re8 21. Nd6 Rd8 22. Rxe6 Nfd7 23. b4 Nf8 24. Re3 Kc7 25. Nf7 R8d7 26. Ne5 Rd8 27. Rxa7 Nbd7 28. c4 Rxe5 29. dxe5 Nxc5 30. bxc5 Ne6 31. b4 Rd4 32. f4 Rxc4 33. f5 Nd4 34. e6 Nxf5 35. e7 Rc1+ 36. Kf2 Rc2+ 37. Kf3 Nd4+ 38. Kg4 h5+ 39. Kg5 1-0


[Site "https://www.chess.com"]

[Event "Titled Tuesday Blitz April 25 Early 2023"]
[White "MKlose11"]
[Black "Pandey Srishti"]
[BlackFideId "35093290"]
[WhiteElo "2537"]
[BlackElo "2083"]
[Result "1-0"]
[Round "07"]
[TimeControl "180+2"]
[Date "2023.04.25"]
[WhiteClock "0:00:11"]
[BlackClock "0:00:34"]

1. e4 e5 2. Nf3 Nc6 3. d4 exd4 4. Bc4 Bc5 5. Ng5 Ne5 6. Nxf7 Nxf7 7. Bxf7+ Kxf7 8. Qh5+ g6 9. Qxc5 d5 10. Qxd4 Nf6 11. e5 Re8 12. O-O c5 13. Qxc5 Rxe5 14. Be3 Rh5 15. Bd4 Bf5 16. Bxf6 Kxf6 17. Nc3 Rc8 18. Qxd5 Bxc2 19. Qxd8+ Rxd8 20. Rac1 Bf5 21. Rfe1 Rh4 22. f3 Rb4 23. Re2 a6 24. Kf2 Rbd4 25. g4 Be6 26. Ne4+ Kg7 27. Rc7+ R8d7 28. Nc5 Bxg4 29. fxg4 Rxc7 30. Ne6+ Kf6 31. Nxd4 Rc4 32. Ke3 Rc1 33. Kd3 Rd1+ 34. Kc4 Rg1 35. h3 Rh1 36. Rf2+ Ke5 37. Re2+ Kf4 38. Ne6+ Kf3 39. Rc2 Ke4 40. Rc3 Rh2 41. Kb3 Kd5 42. Nf8 h5 43. Nxg6 hxg4 44. hxg4 Ke4 45. Ne7 Rg2 46. Nc8 Kd5 47. Nb6+ Ke6 48. Rc4 Kd6 49. Na4 b5 50. Re4 bxa4+ 51. Rxa4 Kc5 52. Rc4+ Kb5 53. Rf4 Rg3+ 54. Kc2 Rg2+ 55. Kc3 Rg3+ 56. Kd4 Rg2 57. Ke5 Rxb2 58. a4+ Ka5 59. g5 Rg2 60. Kf6 Kb6 61. g6 Kc5 62. g7 Kd5 63. Kf7 Ke5 64. Rf6 a5 65. Re6+ Kd5 66. Ra6 Kc4 67. Rb6 Rf2+ 68. Rf6 Rg2 69. Rg6 Rf2+ 70. Ke7 Re2+ 71. Kd7 Rd2+ 72. Kc7 Kb4 73. g8=Q Rc2+ 74. Kb6 Kxa4 75. Rg4+ Ka3 76. Qf8+ Ka2 77. Qf7+ Kb1 78. Qf1+ Kb2 79. Rg2 Rxg2 80. Qxg2+ Kb3 81. Kxa5 Ka3 82. Qf3+ Kb2 83. Kb4 Kc2 84. Qe3 Kd1 85. Qf2 Kc1 86. Kc3 Kb1 87. Qb2# 1-0


[Site "https://www.chess.com"]

[Event "Titled Tuesday Blitz April 25 Early 2023"]
[White "Lopez Del Alamo, Antonio"]
[Black "Ronka, Erik"]
[WhiteFideId "2227339"]
[BlackFideId "505080"]
[WhiteElo "2175"]
[BlackElo "2264"]
[Result "0-1"]
[Round "07"]
[TimeControl "180+2"]
[Date "2023.04.25"]
[WhiteClock "0:00:29"]
[BlackClock "0:00:11"]

1. e4 c6 2. d4 d5 3. exd5 cxd5 4. Bd3 Nf6 5. c3 Nc6 6. h3 g6 7. Nf3 Bf5 8. Be2 Bg7 9. O-O O-O 10. Bf4 Ne4 11. Re1 Re8 12. Nbd2 Qd7 13. Nf1 Rad8 14. Ne3 Be6 15. Nd2 Nxd2 16. Qxd2 f6 17. Bh2 Bf7 18. f4 e5 19. fxe5 fxe5 20. dxe5 Nxe5 21. Bxe5 Bxe5 22. Nc2 Bb8 23. Rf1 Qc7 24. Rf3 Qh2+ 25. Kf2 d4 26. Nxd4 Bd5 27. Qg5 Bxf3 28. Nxf3 Bg3+ 29. Kf1 Qh1+ 30. Ng1 Rf8+ 31. Bf3 Bh2 32. Qc5 Bxg1 33. Qxg1 Rxf3+ 34. gxf3 Qxf3+ 35. Qf2 Qxh3+ 36. Kg1 Qg4+ 37. Qg2 Qxg2+ 38. Kxg2 Rd2+ 39. Kg3 Rxb2 40. Rd1 Kg7 41. Rd7+ Kh6 42. a4 Rb3 43. Kg4 Rxc3 44. Rxb7 Rc4+ 45. Kg3 Rxa4 0-1


[Site "https://www.chess.com"]

[Event "Titled Tuesday Blitz April 25 Early 2023"]
[White "Reprintsev, Alexander"]
[Black "Ardila, Oscar Humberto"]
[WhiteFideId "14100541"]
[BlackFideId "4404742"]
[WhiteElo "2211"]
[BlackElo "1918"]
[Result "1-0"]
[Round "07"]
[TimeControl "180+2"]
[Date "2023.04.25"]
[WhiteClock "0:00:29"]
[BlackClock "0:00:04"]

1. e4 e5 2. Nf3 Nf6 3. d4 Nxe4 4. Bd3 d5 5. Nxe5 Nf6 6. Bg5 Be7 7. O-O O-O 8. Nd2 Nc6 9. c3 Nxe5 10. dxe5 Ng4 11. Bf4 Bc5 12. Bg3 Re8 13. Nf3 f6 14. Qc2 Nxe5 15. Bxh7+ Kh8 16. Nh4 g5 17. Ng6+ Kg7 18. Nxe5 Rxe5 19. Qg6+ Kh8 20. Bxe5 fxe5 21. Qh5 Kg7 22. Bg6 Be6 23. Rae1 Bd6 24. Qh7+ Kf6 25. c4 c6 26. Bc2 Qg8 27. Qh6+ Ke7 28. cxd5 cxd5 29. Bb3 Rf8 30. Re3 Rf6 31. Qh5 Bf7 32. Qd1 Kf8 33. Rc3 Kg7 34. Rd3 d4 35. Rh3 Bxb3 36. axb3 Qe6 37. Qh5 Rh6 38. Qxh6+ Qxh6 39. Rxh6 Kxh6 40. f3 Kg6 41. Kf2 Kf5 42. g4+ Kf6 43. Ke2 a6 44. Kd3 Bb4 45. Rc1 Bd6 46. Rc8 Ke6 47. Rg8 Be7 48. Ke4 b5 49. Ra8 1-0


[Site "https://www.chess.com"]

[Event "Titled Tuesday Blitz April 25 Early 2023"]
[White "Derichs, Roger"]
[Black "Sonnenschein, Philipp"]
[WhiteFideId "4630076"]
[BlackFideId "16250877"]
[WhiteElo "2348"]
[BlackElo "2224"]
[Result "1-0"]
[Round "07"]
[TimeControl "180+2"]
[Date "2023.04.25"]
[WhiteClock "0:01:03"]
[BlackClock "0:00:01"]

1. d4 Nf6 2. c4 g6 3. Nc3 Bg7 4. e4 d6 5. Nf3 O-O 6. Be3 Ng4 7. Bg5 h6 8. Bh4 g5 9. Bg3 c5 10. d5 e6 11. h4 exd5 12. cxd5 f5 13. exf5 Bxf5 14. Bd3 Qe7+ 15. Kf1 Nd7 16. hxg5 hxg5 17. Qd2 Bxd3+ 18. Qxd3 Nh6 19. Re1 Ne5 20. Nxe5 dxe5 21. d6 Qe6 22. Qd5 Qxd5 23. Nxd5 Rfe8 24. Nc7 Nf7 25. Nxa8 Rxa8 26. Rd1 Rd8 27. d7 Kf8 28. Ke2 Ke7 29. Rh7 Bf6 30. f3 Ke6 31. Bf2 b6 32. g4 Nd6 33. Rh6 Rxd7 34. Be3 Kf7 35. Rh7+ Ke6 36. Rxd7 Kxd7 37. Rh1 Ke6 38. Rh7 a5 39. a4 Nc4 40. b3 Nd6 41. Kd3 Bd8 42. Rg7 Bf6 43. Rg6 Kf7 44. Rh6 Kg7 45. Rh1 Kf7 46. Bf2 Ke6 47. Bg3 Kd5 48. Rh7 c4+ 49. bxc4+ Nxc4 50. Rd7+ Kc6 51. Rf7 e4+ 52. Kxc4 1-0


[Site "https://www.chess.com"]

[Event "Titled Tuesday Blitz April 25 Early 2023"]
[White "Camacho Collados, Jose"]
[Black "Smith, Garrett L"]
[WhiteFideId "2265427"]
[BlackFideId "2024829"]
[WhiteElo "2198"]
[BlackElo "2274"]
[Result "1-0"]
[Round "07"]
[TimeControl "180+2"]
[Date "2023.04.25"]
[WhiteClock "0:00:09"]
[BlackClock "0:00:10"]

1. e4 c5 2. c3 d5 3. exd5 Qxd5 4. d4 Nc6 5. Nf3 Bf5 6. Be3 Nf6 7. Be2 e6 8. O-O Be7 9. dxc5 Qxd1 10. Rxd1 Ng4 11. b4 Nxe3 12. fxe3 Bf6 13. Nd4 Bg5 14. Kf2 O-O 15. Nd2 a5 16. b5 Ne5 17. Nxf5 exf5 18. Nf3 Ng4+ 19. Kg3 Bxe3 20. h3 Bf2+ 21. Kf4 Ne3 22. Rd7 Nxg2+ 23. Kxf5 Rae8 24. Ne5 g6+ 25. Ke4 f6 26. Bc4+ Kh8 27. Kf3 fxe5+ 28. Kxg2 Bxc5 29. Rf1 Rxf1 30. Kxf1 Rf8+ 31. Ke1 b6 32. Bd5 Re8 33. Ke2 e4 34. h4 e3 35. Bf3 Re5 36. a4 Kg8 37. Kd3 h5 38. Be2 Kf8 39. Rd8+ Ke7 40. Rg8 Kf7 41. Rd8 Rf5 42. Rd7+ Kf6 43. Rc7 Rf4 44. Rc6+ Kf7 45. Rxc5 bxc5 46. b6 Ke6 47. b7 Rf8 48. Kxe3 Rb8 49. Bf3 Kf5 50. Kd3 g5 51. hxg5 Kxg5 52. Kc4 Kf4 53. Bc6 h4 54. Kxc5 Ke3 55. Kb6 Kd3 56. Kxa5 Kxc3 57. Kb6 Kb4 58. a5 h3 59. a6 h2 60. a7 Rg8 61. a8=Q 1-0


[Site "https://www.chess.com"]

[Event "Titled Tuesday Blitz April 25 Early 2023"]
[White "Averjanov, Alexey"]
[Black "De Souza, Cristiano Gomes"]
[WhiteFideId "14109867"]
[BlackFideId "2151758"]
[WhiteElo "2677"]
[BlackElo "2068"]
[Result "0-1"]
[Round "07"]
[TimeControl "180+2"]
[Date "2023.04.25"]
[WhiteClock "0:02:05"]
[BlackClock "0:00:13"]

1. d4 Nf6 2. c4 g6 3. Nc3 d6 4. e4 Bg7 5. Be2 O-O 6. Nf3 e5 7. O-O Nc6 8. d5 Ne7 9. Ne1 Nd7 10. Be3 f5 11. f3 f4 12. Bf2 h5 13. a4 Nf6 14. c5 g5 15. a5 a6 16. cxd6 cxd6 17. Na4 Bd7 18. Nb6 Rb8 19. Nxd7 Qxd7 20. Rc1 Rbc8 21. Bb6 Rxc1 22. Qxc1 Rc8 23. Qd2 g4 24. Nd3 Ng6 25. Rc1 Rxc1+ 26. Qxc1 Nh4 27. Qc7 gxf3 28. Qxd7 Nxd7 29. gxf3 Bf6 30. Bc7 Be7 31. b4 Ng6 32. Nb2 Nf6 33. Nc4 Ne8 34. Bf1 Nxc7 35. Bh3 Nb5 36. Bc8 Nd4 37. Bxb7 Nxf3+ 38. Kf2 Ng5 39. b5 Nxe4+ 40. Kg2 Nc5 41. bxa6 Nxa6 42. Bxa6 e4 43. Bc8 Ne5 44. Nb6 f3+ 45. Kf1 e3 46. Ba6 Bh4 47. Bb5 Ng4 48. a6 e2+ 49. Bxe2 Ne3+ 50. Kg1 fxe2 51. a7 e1=Q# 0-1


[Site "https://www.chess.com"]

[Event "Titled Tuesday Blitz April 25 Early 2023"]
[White "Rendle, Thomas E"]
[Black "Yurasova, Daria"]
[WhiteFideId "408760"]
[BlackFideId "34146919"]
[WhiteElo "2428"]
[BlackElo "2134"]
[Result "1-0"]
[Round "07"]
[TimeControl "180+2"]
[Date "2023.04.25"]
[WhiteClock "0:00:13"]
[BlackClock "0:00:02"]

1. e4 e5 2. Nf3 Nc6 3. Bb5 a6 4. Ba4 Nf6 5. O-O b5 6. Bb3 Be7 7. d3 d6 8. a3 O-O 9. Nc3 Bg4 10. h3 Bh5 11. Be3 Re8 12. Nd5 Nxd5 13. Bxd5 Qd7 14. g4 Bg6 15. d4 Rad8 16. dxe5 Nxe5 17. Nxe5 dxe5 18. Qf3 c6 19. Bb3 Qd6 20. a4 Qb4 21. axb5 axb5 22. Ra7 Ra8 23. Rfa1 Rxa7 24. Rxa7 Rf8 25. Qg3 Bc5 26. Rc7 Bxe3 27. Qxe3 Bxe4 28. f3 Bg6 29. Qxe5 Qd2 30. Rxc6 Qd1+ 31. Kg2 Qd2+ 32. Kg3 Rd8 33. Rb6 Qd1 34. Rb8 Qd7 35. Rxd8+ Qxd8 36. Qxb5 h6 37. Qd5 Qc7+ 38. f4 Bxc2 39. Bc4 Bg6 40. b4 Qb6 41. f5 Qe3+ 42. Qf3 Qe1+ 43. Kg2 Qd2+ 44. Be2 Bxf5 45. gxf5 g5 46. fxg6 fxg6 47. b5 Qb2 48. Qd3 Kg7 49. Kf3 g5 50. Qd7+ Kf6 51. Qc6+ Kg7 52. Qc7+ Kf6 53. Bd3 1-0


[Site "https://www.chess.com"]

[Event "Titled Tuesday Blitz April 25 Early 2023"]
[White "Parkhov, Yair"]
[Black "Fernandez Siles, Luis"]
[WhiteFideId "2813408"]
[BlackFideId "2209420"]
[WhiteElo "2421"]
[BlackElo "2195"]
[Result "1-0"]
[Round "07"]
[TimeControl "180+2"]
[Date "2023.04.25"]
[WhiteClock "0:00:57"]
[BlackClock "0:00:08"]

1. c4 Nf6 2. Nc3 g6 3. e4 d6 4. d4 Bg7 5. Be2 O-O 6. h4 c5 7. d5 b5 8. cxb5 a6 9. b6 h5 10. Nf3 Nbd7 11. Nd2 Nxb6 12. a4 a5 13. Nc4 Nxc4 14. Bxc4 Ng4 15. f3 Ne5 16. Bb5 c4 17. O-O e6 18. Bg5 Bf6 19. dxe6 fxe6 20. Bxf6 Rxf6 21. Qd4 Rf8 22. f4 Ng4 23. g3 Ba6 24. Rad1 Bxb5 25. axb5 e5 26. Qxc4+ Kh8 27. Nd5 exf4 28. Rxf4 Rxf4 29. Nxf4 Kh7 30. Qe6 Qb6+ 31. Kh1 Nf2+ 32. Kg2 Nxd1 33. Qxg6+ Kh8 34. Qxh5+ Kg8 35. Qd5+ Kf8 36. Qxa8+ Ke7 37. Nd5+ Ke6 38. Nxb6 1-0


[Site "https://www.chess.com"]

[Event "Titled Tuesday Blitz April 25 Early 2023"]
[White "polandchessplayer"]
[Black "Gonzalez Zamora, Juan Carlos"]
[BlackFideId "3507548"]
[WhiteElo "2601"]
[BlackElo "2535"]
[Result "1-0"]
[Round "07"]
[TimeControl "180+2"]
[Date "2023.04.25"]
[WhiteClock "0:00:11"]
[BlackClock "0:00:02"]

1. d4 Nf6 2. Nf3 g6 3. g3 Bg7 4. Bg2 O-O 5. O-O d6 6. c4 Nc6 7. Nc3 Bg4 8. Bg5 h6 9. Be3 Nd7 10. Qd2 Kh7 11. d5 Bxf3 12. Bxf3 Nce5 13. b3 Nxf3+ 14. exf3 Ne5 15. Kg2 Qd7 16. f4 Ng4 17. Bd4 h5 18. h3 Nh6 19. Ne4 Nf5 20. Bxg7 Kxg7 21. Rae1 c6 22. Re2 cxd5 23. Qxd5 Qc6 24. Qd3 Rad8 25. g4 hxg4 26. hxg4 Nh6 27. Kg3 d5 28. cxd5 Rxd5 29. Qf3 Qd7 30. Re3 Rd4 31. Rfe1 Rd8 32. Nc5 Qc7 33. Ne4 b6 34. Kg2 Ng8 35. f5 Qc6 36. Rh1 Nf6 37. Nxf6 Qxf3+ 38. Kxf3 Kxf6 39. fxg6 fxg6 40. Rhe1 R8d7 41. Rc1 Kf7 42. Rc8 R4d6 43. Ra8 Rf6+ 44. Kg3 Rfd6 45. f3 a5 46. a3 Rc7 47. Rh8 Kg7 48. Rb8 Kf7 49. b4 axb4 50. axb4 Rcd7 51. b5 Rc7 52. Re4 Ra7 53. Re5 Rc7 54. Re4 Ra7 55. Kf4 Rf6+ 56. Kg3 Ra3 57. Rf4 Rxf4 58. Kxf4 Rb3 59. Rxb6 Rb4+ 60. Kg5 Rb3 61. f4 Rb1 62. Rb8 Rb4 63. b6 Rb5+ 64. Kh4 Rb4 65. Kg5 Rb5+ 66. Kh6 Rb4 67. b7 Rb6 68. Kh7 Rb3 69. Kh6 Rb6 70. Kg5 Rb5+ 71. Kh4 Rb4 72. Kg3 Rb3+ 73. Kf2 Rb4 74. Ke2 Ke6 75. Ke3 Kd7 76. Rg8 Rxb7 77. Rxg6 Ke8 78. Rg7 Kf8 79. Rh7 Rb3+ 80. Ke4 Rb5 81. f5 Ra5 82. Kf4 Ra6 83. Rh1 Rb6 84. Ra1 Kf7 85. Ra7 Kf6 86. g5+ Kf7 87. Ra4 Rb5 88. Kg4 Rb6 89. Rf4 Rb1 90. Re4 Rg1+ 91. Kh5 Rh1+ 92. Rh4 Rg1 93. Re4 Rh1+ 94. Kg4 Rg1+ 95. Kf4 Ra1 96. Rb4 Ra5 97. g6+ Kf6 98. Rb6+ Kg7 99. Kg5 Re5 100. Rb7 Re1 101. f6+ Kf8 102. Rb8# 1-0


[Site "https://www.chess.com"]

[Event "Titled Tuesday Blitz April 25 Early 2023"]
[White "Vlassov, Nikolai"]
[Black "Gurevich, Dmitry"]
[WhiteFideId "4103360"]
[BlackFideId "2000407"]
[WhiteElo "2324"]
[BlackElo "2506"]
[Result "1-0"]
[Round "07"]
[TimeControl "180+2"]
[Date "2023.04.25"]
[WhiteClock "0:00:23"]
[BlackClock "0:00:14"]

1. e4 c5 2. c3 d5 3. exd5 Qxd5 4. d4 g6 5. dxc5 Qxc5 6. Be3 Qc7 7. Bxa7 Rxa7 8. Qd4 Nf6 9. Qxa7 Nc6 10. Qe3 Bg7 11. Nf3 Nd5 12. Qe4 Nf6 13. Qh4 O-O 14. Be2 Qb6 15. b3 Nb4 16. Na3 Nfd5 17. O-O Nxc3 18. Bc4 Ncxa2 19. Rae1 e6 20. Ng5 h6 21. Ne4 Nc3 22. Nxc3 Bxc3 23. Re3 Bg7 24. Nb5 Bd7 25. Nc3 Nc2 26. Rd3 Nd4 27. h3 Bc6 28. Re1 Ra8 29. Ne4 Nf5 30. Qf4 Ra2 31. Rd2 Ra8 32. Nd6 Nxd6 33. Qxd6 Bc3 34. Rxe6 1-0


[Site "https://www.chess.com"]

[Event "Titled Tuesday Blitz April 25 Early 2023"]
[White "Risteski, Emil"]
[Black "Vivas Zamora, Fabian Ernesto"]
[WhiteFideId "15005267"]
[BlackFideId "3902480"]
[WhiteElo "2251"]
[BlackElo "2262"]
[Result "1/2-1/2"]
[Round "07"]
[TimeControl "180+2"]
[Date "2023.04.25"]
[WhiteClock "0:01:13"]
[BlackClock "0:00:06"]

1. c4 g6 2. Nc3 c5 3. g3 Bg7 4. Bg2 Nc6 5. d3 Nf6 6. a3 O-O 7. Bd2 e6 8. Qc1 d5 9. Bh6 Na5 10. Bxg7 Kxg7 11. cxd5 Nb3 12. Qd1 Nxa1 13. dxe6 Bxe6 14. Qxa1 c4 15. dxc4 Bxc4 16. Nf3 Re8 17. O-O Bxe2 18. Nxe2 Rxe2 19. b4 Qb6 20. Nd4 Rd2 21. Nb3 Rc2 22. Nc5 Rd8 23. Nxb7 Rdd2 24. Nc5 a5 25. Bf3 axb4 26. axb4 Qxb4 27. Ne4 Rd4 28. Nxf6 Kxf6 29. Kg2 Kg7 30. h4 Qb2 31. Qa7 Rdd2 32. h5 Qf6 33. Rh1 gxh5 34. Rxh5 Ra2 35. Qe3 Rxf2+ 36. Qxf2 Rxf2+ 37. Kxf2 h6 38. Rd5 Qb2+ 39. Kg1 f6 40. Rh5 Qc1+ 41. Kg2 Qd2+ 42. Kg1 Qe3+ 43. Kg2 Qd2+ 44. Kg1 Qe1+ 45. Kg2 Kg6 46. Rd5 f5 47. Rd1 Qe3 48. Rh1 Qd2+ 49. Kg1 Qe1+ 50. Kg2 Qd2+ 51. Kg1 f4 52. gxf4 Qxf4 53. Bg2 Qe3+ 54. Kf1 Kg5 55. Rh3 Qc1+ 56. Kf2 Qc5+ 57. Kf1 h5 58. Rf3 h4 59. Rh3 Kg4 60. Rf3 Qc1+ 61. Kf2 Qd2+ 62. Kg1 Qe1+ 63. Kh2 Qe5+ 64. Kh1 Qe1+ 65. Kh2 Qe2 66. Rh3 Qe5+ 67. Kh1 Qb2 68. Kh2 Qe2 69. Kh1 Qe1+ 70. Kh2 Qe5+ 71. Kh1 Qf4 72. Rf3 Qc1+ 73. Kh2 Qc7+ 74. Kh1 Qc1+ 75. Kh2 Qd2 76. Rh3 Qf4+ 77. Kg1 Qc1+ 78. Kh2 Qd2 79. Rf3 h3 80. Rxh3 Qd6+ 81. Kh1 Qd1+ 82. Kh2 Qd6+ 83. Kg1 Qd1+ 84. Bf1 Qd4+ 85. Kh2 Qf2+ 86. Bg2 Qf4+ 87. Kg1 Qc1+ 88. Kh2 Qf4+ 89. Kh1 Qc1+ 90. Kh2 Qf4+ 1/2-1/2


[Site "https://www.chess.com"]

[Event "Titled Tuesday Blitz April 25 Early 2023"]
[White "Vovk, Orest"]
[Black "KorolDimitriy75"]
[WhiteFideId "14113490"]
[WhiteElo "2215"]
[BlackElo "2426"]
[Result "0-1"]
[Round "07"]
[TimeControl "180+2"]
[Date "2023.04.25"]
[WhiteClock "0:00:07"]
[BlackClock "0:00:06"]

1. d4 Nf6 2. Bf4 c5 3. c3 Qb6 4. Qb3 cxd4 5. Qxb6 axb6 6. Bxb8 dxc3 7. Nxc3 Rxb8 8. e3 e6 9. Nf3 d5 10. Be2 Bd7 11. Ne5 Bd6 12. Nxd7 Nxd7 13. Nb5 Ke7 14. O-O Be5 15. Rab1 Rhc8 16. Bd3 Rc5 17. a4 Ra8 18. b3 g6 19. g3 h5 20. h4 Bf6 21. f4 Nb8 22. Rfc1 Na6 23. Rxc5 bxc5 24. e4 Nb4 25. Rd1 Nxd3 26. Rxd3 dxe4 27. Re3 Rd8 28. Rxe4 Rd3 29. b4 cxb4 30. Rxb4 Rxg3+ 31. Kh2 Rg4 32. Na7 Kf8 33. Rxb7 Rxf4 34. a5 Rxh4+ 35. Kg3 Ra4 36. Nc6 h4+ 37. Kh3 g5 38. Rb5 g4+ 39. Kg2 h3+ 40. Kg3 Be7 41. Rb8+ Kg7 42. Nxe7 Rxa5 43. Rg8+ Kf6 44. Nc6 Ra4 45. Nd8 Kf5 46. Nxf7 Ra3+ 47. Kf2 Kf4 48. Nh6 g3+ 49. Ke2 Ra2+ 50. Kd3 h2 51. Rg4+ Kf3 52. Rg5 h1=Q 53. Ng4 Qd1+ 54. Kc4 Rc2+ 55. Kb5 Qb1+ 56. Ka6 Ra2+ 57. Ra5 Rxa5+ 58. Kxa5 Kxg4 0-1


[Site "https://www.chess.com"]

[Event "Titled Tuesday Blitz April 25 Early 2023"]
[White "a-z30"]
[Black "Kubicka, Anna"]
[BlackFideId "1152254"]
[WhiteElo "2409"]
[BlackElo "2144"]
[Result "0-1"]
[Round "07"]
[TimeControl "180+2"]
[Date "2023.04.25"]
[WhiteClock "0:00:02"]
[BlackClock "0:00:50"]

1. d3 e5 2. Nf3 Nc6 3. g3 d5 4. Bg2 Nf6 5. O-O Bc5 6. Nxe5 Nxe5 7. d4 Bd6 8. dxe5 Bxe5 9. c4 dxc4 10. Qxd8+ Kxd8 11. Rd1+ Ke7 12. Na3 c3 13. bxc3 c6 14. Nc4 Nd7 15. Ba3+ Ke6 16. Bh3+ f5 17. e4 g6 18. exf5+ gxf5 19. Re1 Kf6 20. Rad1 Re8 21. Bd6 Re6 22. Nxe5 Nxe5 23. f4 Nc4 0-1


[Site "https://www.chess.com"]

[Event "Titled Tuesday Blitz April 25 Early 2023"]
[White "Lorenzo De La Riva, Lazaro"]
[Black "Orujov2008"]
[WhiteFideId "2268809"]
[WhiteElo "2294"]
[BlackElo "2408"]
[Result "1-0"]
[Round "07"]
[TimeControl "180+2"]
[Date "2023.04.25"]
[WhiteClock "0:00:29"]
[BlackClock "0:00:01"]

1. e4 e5 2. Nc3 Nf6 3. g3 d5 4. exd5 Nxd5 5. Bg2 Be6 6. Nf3 Nc6 7. O-O Qd7 8. d4 Nxc3 9. bxc3 O-O-O 10. Rb1 exd4 11. Ne5 Qd6 12. Nxc6 bxc6 13. Bf4 Qc5 14. cxd4 Qxd4 15. Qe2 Qc4 16. Qe3 Bc5 17. Qf3 Bd6 18. Be3 a6 19. Rfd1 Kd7 20. Rd4 Qc3 21. Rbd1 Kc8 22. Qe2 Kd7 23. Bf4 Ke7 24. Bg5+ f6 25. Bh3 Be5 26. Qxe5 Rxd4 27. Rxd4 1-0


[Site "https://www.chess.com"]

[Event "Titled Tuesday Blitz April 25 Early 2023"]
[White "Salman, Pavel"]
[Black "Buscar, Michael"]
[WhiteFideId "24153753"]
[BlackFideId "2603616"]
[WhiteElo "2187"]
[BlackElo "2010"]
[Result "1-0"]
[Round "07"]
[TimeControl "180+2"]
[Date "2023.04.25"]
[WhiteClock "0:01:13"]
[BlackClock "0:01:07"]

1. d4 Nf6 2. Nc3 d5 3. Bf4 e6 4. Nb5 Na6 5. e3 c6 6. Nc3 Nc7 7. Bd3 Bd6 8. Nge2 O-O 9. f3 Nce8 10. Qd2 Bxf4 11. Nxf4 Nd6 12. g4 Qe7 13. O-O-O e5 14. dxe5 Qxe5 15. Kb1 Re8 16. Rhe1 Nd7 17. h4 Nc5 18. Bf1 Ne6 19. Nd3 Qf6 20. Qf2 b5 21. g5 Qf5 22. Ne2 Nc4 23. Nd4 Nxd4 24. exd4 Bd7 25. b3 Rxe1 26. Rxe1 Nd6 27. Re5 Qg6 28. Nf4 1-0


[Site "https://www.chess.com"]

[Event "Titled Tuesday Blitz April 25 Early 2023"]
[White "koncheto"]
[Black "Inepton_Fermion"]
[WhiteElo "2505"]
[BlackElo "2340"]
[Result "1-0"]
[Round "07"]
[TimeControl "180+2"]
[Date "2023.04.25"]
[WhiteClock "0:01:02"]
[BlackClock "0:00:01"]

1. e4 g6 2. h4 h5 3. Nf3 Bg7 4. d4 d6 5. Bd3 a6 6. a4 b6 7. Qe2 Bb7 8. Bf4 Nd7 9. c3 e5 10. Bg5 Bf6 11. Nbd2 Qe7 12. O-O-O Nh6 13. Nc4 Ng4 14. Ne3 Nxe3 15. Qxe3 O-O-O 16. Bc4 exd4 17. cxd4 Qxe4 18. Qxe4 Bxe4 19. Bxa6+ Bb7 20. Bc4 Bxf3 21. gxf3 Bxg5+ 22. hxg5 Rhf8 23. f4 c6 24. f5 d5 25. Bd3 gxf5 26. Bxf5 f6 27. g6 Rh8 28. Be6 Rde8 29. g7 1-0


[Site "https://www.chess.com"]

[Event "Titled Tuesday Blitz April 25 Early 2023"]
[White "Matveeva, Olga"]
[Black "Degenbaev, Aziz"]
[WhiteFideId "24107018"]
[BlackFideId "13802640"]
[WhiteElo "2056"]
[BlackElo "2152"]
[Result "0-1"]
[Round "07"]
[TimeControl "180+2"]
[Date "2023.04.25"]
[WhiteClock "0:00:47"]
[BlackClock "0:00:43"]

1. d4 Nf6 2. c4 g6 3. g3 Bg7 4. Bg2 O-O 5. Nc3 d6 6. Nf3 c5 7. d5 e6 8. O-O Re8 9. h3 exd5 10. cxd5 a6 11. a4 Nbd7 12. Nd2 Rb8 13. Nc4 Nb6 14. Ne3 Bd7 15. a5 Nc8 16. Qc2 Bb5 17. b3 b6 18. axb6 Nxb6 19. Bd2 Qc8 20. Ra5 Bd7 21. Rfa1 Bxh3 22. Rxa6 Bxg2 23. Kxg2 Rxe3 24. Bxe3 Nfxd5 25. Bd2 Nb4 26. Qe4 Nxa6 27. Rxa6 Qxa6 0-1


[Site "https://www.chess.com"]